 Dungeon Crawl Stone Soup version 0.26.0-20-g3ca415f5b8 (webtiles) character file.

Game seed: 6363113078525325863

102 Gauvater the Firebug (level 4, -6/27 HPs)
             Began as an Octopode Fire Elementalist on Jan 24, 2021.
             Mangled by an orc
             ... wielding a +0 trident
              (10 damage)
             ... on level 6 of the Dungeon.
             The game lasted 00:12:12 (2434 turns).

Gauvater the Firebug (Octopode Fire Elementalist)   Turns: 2434, Time: 00:12:12

Health: -6/27      AC:  1    Str:  7    XL:     4   Next: 77%
Magic:  5/8        EV: 13    Int: 18    God:
Gold:   171        SH:  0    Dex: 12    Spells: 7/8 levels left

rFire    . . .     SeeInvis .   (no weapon)
rCold    . . .     Faith    .   (no shield)
rNeg     . . .     Spirit   .   (helmet restricted)
rPois    .         Reflect  .   (no amulet)
rElec    .         Harm     .   (no ring)
rCorr    .         Rampage  .   (no ring)
Will     .....                  (no ring)
Stlth    +++.......             (no ring)
HPRegen  0.09/turn              (no ring)
MPRegen  0.11/turn              (no ring)
                                (no ring)
                                (no ring)

@: no status effects
A: almost no armour, stealthy swim, amphibious, 8 rings, constrict 8, camouflage
1, gelatinous body 1
a: no special abilities


You were on level 6 of the Dungeon.
You visited 1 branch of the dungeon, and saw 4 of its levels.

You collected 171 gold pieces.

Inventory:

Missiles
 c - 33 bolts
Armour
 d - a +0 tower shield
Scrolls
 a - a scroll of remove curse
 b - 4 scrolls of identify {unknown}
 e - 2 scrolls of blinking {unknown}
 f - 3 scrolls of teleportation {unknown}
 g - 2 scrolls of amnesia {unknown}
 i - 2 scrolls of random uselessness {unknown}
 j - a scroll of fear {unknown}
 l - a scroll of enchant armour {unknown}
Potions
 h - a potion of cancellation {unknown}
 k - a potion of haste


   Skills:
 + Level 2.2 Dodging
 + Level 3.1 Stealth
 + Level 0.4 Unarmed Combat
 + Level 2.8 Spellcasting
 + Level 1.6 Conjurations
 + Level 4.2 Fire Magic


You had 7 spell levels left.
You knew the following spells:

 Your Spells              Type           Power        Failure   Level
a - Foxfire               Conj/Fire      52%          4%          1

Your spell library contained the following spells:

 Spells                   Type           Power        Failure   Level
 Conjure Flame            Conj/Fire      13%          16%         3
 Inner Flame              Hex/Fire       10%          22%         3
 Sticky Flame             Conj/Fire      13%          45%         4
 Fireball                 Conj/Fire      6%           80%         5


Dungeon Overview and Level Annotations

Branches:
Dungeon (3/15)

Altars:


Innate Abilities, Weirdness & Mutations

You cannot wear most types of armour.
You are very stealthy in the water. (Stealth+)
You are amphibious.
You can wear up to eight rings at the same time.
You can use your tentacles to constrict eight enemies at once.
Your skin changes colour to match your surroundings (Stealth+).
Your rubbery body absorbs attacks. (AC +1, EV +1)


Message History

The foxfire hits the bullfrog.
The bullfrog is severely wounded.
The orc barely misses you. The bullfrog hits you.
Casting: Foxfire (safe; 4% risk of failure)
Confirm with . or Enter, or press ? or * to list all spells.
You conjure some foxfire!
The bullfrog snags a nearby small bird with its tongue.
The bullfrog completely misses you. The orc misses you. The bullfrog hits you.
The foxfire hits the orc.
The orc is heavily wounded.
The foxfire hits the bullfrog.
The bullfrog is almost dead.
The bullfrog hits you!
* * * LOW HITPOINT WARNING * * *
The orc misses you.
As you read the scroll labelled YROIS ENLEM, it crumbles to dust.
You feel blessed for a moment.
It was a scroll of remove curse.
The bullfrog closely misses you.
The orc hits you from afar with a +0 trident!
You die...

#...# #...#
#...# ## #...#
#..####...#
#.........#
......o...#
#.@§# #Fl.#
#.o.#
#..............
#.##.##........
# #.##.##...
... ..# .. ...
.... # ⌠...
..#..


You could see a bullfrog, an iguana and 2 orcs.

Vanquished Creatures
  2 adders (D:2)
  4 oozes
  A worm (D:2)
  2 dart slugs
  4 leopard geckos
  A ball python (D:1)
  8 bats
  3 giant cockroaches
  7 goblins
  6 hobgoblins
  8 kobolds
  6 frilled lizards
  4 rats
56 creatures vanquished.

Vanquished Creatures (others)
  152 foxfires
152 creatures vanquished.

Grand Total: 208 creatures vanquished

Notes
Turn   | Place    | Note
-------+----------+-------------------------------------------
     0 | D:1      | Gauvater the Octopode Fire Elementalist began the quest for
                  | the Orb.
     0 | D:1      | Reached XP level 1. HP: 11/11 MP: 3/3
   144 | D:1      | Reached XP level 2. HP: 17/17 MP: 3/5
   767 | D:1      | Reached XP level 3. HP: 21/21 MP: 1/6
  1454 | D:2      | Reached skill level 4 in Fire Magic
  1535 | D:2      | Reached XP level 4. HP: 27/27 MP: 1/8
  2426 | D:3      | You fall into a shaft and drop 3 floors!
  2426 | D:6      | Noticed a bullfrog
  2434 | D:6      | Mangled by an orc

Illustrated notes

Levels and vault maps discovered:
D:1:      lemuel_arrival_river_ford, layout_basic
D:2:      layout_loops_ring, minivault_27
D:3:      layout_rooms, cheibriados_altar_2, nicolae_ru_path_of_blood,
          minitemple, supply_closet_lemuel
D:6:      layout_basic, pdpol_wu_jian_five_deadly_venoms,
          nicolae_dithmenos_the_darkroom, minmay_temple_entry_large_hall,
          ebering_ghost_disaster_area

Skill      XL: |  1  2  3 |
---------------+----------+-----
Stealth        | 3 |  3.1
Fire Magic     | 4 |  4.2
Dodging        | |  2.2
Unarmed Combat | |  0.4
Spellcasting   | |  2.8
Conjurations   | |  1.6

Action                   |  1- 3 |  4- 6 || total
-------------------------+-------+-------++-------
Melee: Unarmed           |    14 |     4 ||    18
       Constrict         |     4 |     2 ||     6
       Tentacles         |     2 |     1 ||     3
 Cast: Foxfire           |    59 |    34 ||    93
  Use: Potion            |     2 |       ||     2
       Scroll            |       |     1 ||     1
Armor: Skin              |     3 |       ||     3
Dodge: Dodged            |    15 |    15 ||    30
